 Dungeon Crawl Stone Soup version 0.23.2-1-ga50397a (webtiles) character file.

Game seed: 4842623120307296002

322 MalarOregon the Ruffian (level 6, -1/52 HPs)
             Began as a Ghoul Gladiator on May 31, 2019.
             Slain by Natasha (2 damage)
             ... on level 3 of the Dungeon.
             The game lasted 00:07:00 (2819 turns).

MalarOregon the Ruffian (Ghoul Gladiator)           Turns: 2819, Time: 00:07:00

Health: -1/52      AC:  4    Str: 23    XL:     6   Next: 47%
Magic:  5/5        EV: 12    Int:  5    God:
Gold:   184        SH:  0    Dex: 10    Spells: 5/5 levels left

rFire    . . .     SeeInvis .     - Unarmed
rCold    + . .     Gourm    .   (no shield)
rNeg     + + +     Faith    .   d - +0 robe
rPois    ∞         Spirit   .   b - +1 helmet
rElec    .         Reflect  .   (no cloak)
rCorr    .         Harm     .   (no gloves)
MR       .....                  (no boots)
Stlth    ++........             (no amulet)
HPRegen  0.00/turn              (no ring)
MPRegen  0.09/turn              (no ring)

@: mighty, rotting, hasted and slowed
A: rotting body, claws 1, carnivore, cold resistance 1, negative energy
resistance 3, inhibited regeneration, torment resistance, unbreathing
a: no special abilities


You were on level 3 of the Dungeon.
You were not hungry.

You visited 1 branch of the dungeon, and saw 3 of its levels.
You also visited: Sewer.

You collected 184 gold pieces.

Inventory:

Missiles
 c - 3 throwing nets (quivered) {!f}
Armour
 b - a +1 helmet (worn)
 d - a +0 robe (worn)
   (You found it on level 2 of the Dungeon)
Scrolls
 a - 2 scrolls of teleportation {@r4}
 f - 2 scrolls of fear
 h - a scroll of enchant armour
 j - a scroll of identify {@r1}
Potions
 i - a potion of cancellation
 l - 2 potions of might
 m - a potion of magic {unknown}
 n - 2 potions of haste {@q3}
 o - 2 potions of heal wounds {unknown}
Comestibles
 e - 9 rations {!d}


   Skills:
 + Level 4.0 Fighting
 - Level 1.7 Throwing
 - Level 2.6 Dodging
 + Level 3.4 Stealth
 * Level 5.9 Unarmed Combat


You had 5 spell levels left.
You didn't know any spells.
Your spell library was empty.

Dungeon Overview and Level Annotations

Branches:
Dungeon (3/15)

Altars:
Okawaru
Uskayaw
Vehumet

Annotations:
D:3 Natasha


Innate Abilities, Weirdness & Mutations

Your body is rotting away.
You thrive on raw meat.
You are immune to poison.
You have sharp fingernails.
You are carnivorous and can eat meat at any time.
Your flesh is cold resistant. (rC+)
You are immune to negative energy. (rN+++)
You do not regenerate when monsters are visible.
You are immune to unholy pain and torment.
You can survive without breathing.


Message History

You kill the kobold!
The shadow imp shouts, "Quit, thou decrepit hasty-witted pissant!"
You claw the kobold!
You kill the kobold!
Natasha stares at you and mumbles some strange words.
You feel yourself slow down. The kobold hits you but does no damage.
Natasha casts a spell at you. The magic dart hits you.
* * * LOW HITPOINT WARNING * * *
The kobold hits you but does no damage.
Things that are here:
a +0 whip; 2 stones; a kobold corpse You butcher the kobold corpse.
Natasha claws you but does no damage. The kobold misses you.
Natasha casts a spell at you. The magic dart hits you!
* * * LOW HITPOINT WARNING * * *
Items here: % ( ) ÷ a +0 whip; 2 stones; 3 chunks of flesh; a kobold skeleton Eat one of 3 chunks of flesh? (ye/n/q)
You eat one of the 3 chunks of flesh.
This raw flesh tastes great!
The kobold hits you but does no damage. Natasha claws you!
* * * LOW HITPOINT WARNING * * *
The kobold barely misses you.
The shadow imp disappears in a puff of smoke!
Natasha closely misses you.
You see here 3 stones.
Unknown command.
Okay, then.
You feel better. Natasha claws you.
* * * LOW HITPOINT WARNING * * *
You feel better. Natasha closely misses you. Natasha claws you.
* * * LOW HITPOINT WARNING * * *
Okay, then.
It was a potion of might.
You feel very mighty all of a sudden.
Natasha wildly gestures.
You feel disoriented.
Natasha stares at you and mumbles some strange words.
You feel as though you will be slow longer.
You closely miss Natasha. Natasha claws you but does no damage.
Natasha completely misses you.
You closely miss Natasha. Natasha closely misses you.
You claw Natasha! Natasha claws you!
* * * LOW HITPOINT WARNING * * *
It was a potion of haste.
You feel yourself speed up.
Natasha casts a spell.
Natasha claws you.
You die...

......# #....# #.#
......# #....#
#.######.#
......####....####
#.#....#.#
..............'.>#
#.#.##.#.#
......#####...##.#
###.#.##.#.#
......# ######.#
#.....##.#.#
.###### #(#
#.....##.#.# ##
#5# #.....##.#.###
#@# #.....##.#....
#h###.....##......
#KK##.....#######.
#K.####.#.# #.
K.KK..'..# #.#.#
#. ......'..#
#.#.# #.
.K....'..# #.#.#
.. .$K..##..#
#.#.# ## ....#
#..####.#.#


You could see Natasha, a crimson imp and 3 kobolds.

Vanquished Creatures
  A crimson imp (D:2)
  An orc priest (D:3)
  An orc wizard (D:3)
  Natasha (D:3)
  10 adders
  An ooze (D:2)
  2 worms (D:2)
  4 dart slugs
  A leopard gecko (D:2)
  3 orcs (D:3)
  5 ball pythons
  6 giant cockroaches
  6 goblins
  6 hobgoblins
  15 jackals
  11 bats
  5 frilled lizards
  13 kobolds
  7 rats
  5 plants (Sewer)
104 creatures vanquished.

Vanquished Creatures (others)
  A bat (D:3)
  11 toadstools (D:3)
12 creatures vanquished.

Grand Total: 116 creatures vanquished

Notes
Turn   | Place    | Note
-------+----------+-------------------------------------------
     0 | D:1      | MalarOregon the Ghoul Gladiator began the quest for the
                  | Orb.
     0 | D:1      | Reached XP level 1. HP: 17/17 MP: 0/0
   103 | D:1      | Reached XP level 2. HP: 25/25 MP: 1/1
   187 | D:1      | Reached skill level 1 in Stealth
   433 | D:2      | Found an iron altar of Okawaru.
   473 | D:2      | Reached skill level 4 in Unarmed Combat
   473 | D:2      | Reached XP level 3. HP: 17/30 MP: 2/2
   784 | D:2      | Reached XP level 4. HP: 30/38 MP: 3/3
  1189 | D:2      | Found a hide-covered altar of Uskayaw.
  1202 | D:2      | Reached skill level 5 in Unarmed Combat
  1202 | D:2      | Reached XP level 5. HP: 31/45 MP: 4/4
  1540 | D:3      | Noticed Natasha
  1643 | D:3      | Reached XP level 6. HP: 35/52 MP: 5/5
  1691 | D:3      | Killed Natasha
  1887 | D:3      | Found a glowing drain.
  1955 | Sewer    | Entered a sewer
  2760 | D:3      | Found a radiant altar of Vehumet.
  2777 | D:3      | Noticed Natasha
  2818 | D:3      | HP: 1/52 [Natasha (8)]
  2819 | D:3      | Slain by Natasha

Skill      XL: |  1  2  3  4  5  6 |
---------------+-------------------+-----
Stealth        | 1 2 3 |  3.4
Unarmed Combat | 4 5 |  5.9
Fighting       | 3 4 |  4.0
Throwing       | |  1.7
Dodging        | |  2.6

Action                   |  1- 3 |  4- 6 || total
-------------------------+-------+-------++-------
Melee: Unarmed           |   102 |   298 ||   400
       Punch             |     2 |     3 ||     5
  Use: Scroll            |       |     5 ||     5
       Potion            |       |     4 ||     4
 Stab: Sleeping          |       |     1 ||     1
  Eat: Chunk             |    15 |    11 ||    26
Armor: Leather armour    |     4 |       ||     4
       Skin              |    19 |       ||    19
       Robe              |       |    65 ||    65
Dodge: Dodged            |    57 |   151 ||   208
